 Dungeon Crawl Stone Soup version 0.21.1-1-g345015fe64 (webtiles) character file.

95 HypnoRock the Chopper (level 4, -8/40 HPs)
             Began as a Minotaur Fighter on June 11, 2018.
             Mangled by an ice beast (14 damage)
             ... on level 3 of the Dungeon.
             The game lasted 00:08:13 (1499 turns).

HypnoRock the Chopper (Minotaur Fighter)            Turns: 1499, Time: 00:08:15

Health: -8/40      AC:  8    Str: 22    XL:     4   Next: 40%
Magic:  3/3        EV:  7    Int:  5    God:
Gold:   155        SH:  9    Dex:  9    Spells: 3/3 levels left

rFire    . . .     SeeInvis .   a - +0 war axe
rCold    . . .     Gourm    .   c - +0 shield
rNeg     . . .     Faith    .   b - +0 scale mail
rPois    .         Spirit   .   (helmet restricted)
rElec    .         Reflect  .   (no cloak)
rCorr    .         Harm     .   k - +1 pair of gloves
MR       .....                  (no boots)
Stlth    ..........             (no amulet)
HPRegen  0.13/turn              (no ring)
MPRegen  0.08/turn              (no ring)

@: drained
A: retaliatory headbutt, horns 2
a: no special abilities


You were on level 3 of the Dungeon.
You were not hungry.

You visited 1 branch of the dungeon, and saw 3 of its levels.

You collected 155 gold pieces.

Inventory:

Hand Weapons
 a - a +0 war axe (weapon)
 s - a cursed +0 whip
 v - a +0 spear
Missiles
 h - 68 stones (quivered)
Armour
 b - a +0 scale mail (worn)
 c - a +0 shield (worn)
 k - a +1 pair of gloves (worn)
Wands
 t - a wand of iceblast (10)
Scrolls
 e - a scroll of fog {unknown}
 g - 3 scrolls of identify {unknown}
 j - 2 scrolls of remove curse {unknown}
 n - a scroll of noise {unknown}
 r - a scroll of enchant weapon {unknown}
Potions
 d - a potion of might
 i - a potion of curing {unknown}
 l - a potion of agility {unknown}
 m - a potion of mutation {unknown}
 o - a potion of brilliance {unknown}
 p - 3 potions of heal wounds {unknown}
 q - a potion of degeneration {unknown}
Comestibles
 f - 6 rations


   Skills:
 - Level 4.0(3.0) Fighting
 + Level 4.9(4.0) Axes
 - Level 4.0(3.1) Armour
 - Level 4.0(3.1) Shields


You had 3 spell levels left.
You didn't know any spells.

Dungeon Overview and Level Annotations

Branches:
Dungeon (3/15)

Altars:


Innate Abilities, Weirdness & Mutations

You reflexively headbutt those who attack you in melee.
You have a pair of horns on your head.


Message History

The ice beast is heavily wounded.
The ice beast hits you. The ice beast freezes you!
You completely miss the ice beast. Your headbutt misses the ice beast.
The ice beast is heavily wounded.
The ice beast barely misses you. You block the ice beast's attack.
Your shield prevents you from hitting the ice beast.
The ice beast is heavily wounded.
The ice beast barely misses you.
Your shield and scale mail prevent you from hitting the ice beast.
The ice beast is heavily wounded.
The ice beast hits you. The ice beast freezes you!
* * * LOW HITPOINT WARNING * * *
You slash the ice beast!
You headbutt the ice beast, but do no damage.
The ice beast is severely wounded.
The ice beast hits you but does no damage.
The ice beast hits you.
* * * LOW HITPOINT WARNING * * *
The ice beast freezes you!
You die...

#### # #..
.# ###
#####.# ..
..#
....#.##.#
#.#
.##<...).#
#.#
..###.####
#.# ..#
#.# ##@##
..# #..
##Y#.##
..# ####
#(###.#
..#
#..#.##
.## #.#Y##
.###
###.###
...
#.....#
.###
#.###.# .#
#. #.#


You could see an ice beast.

Vanquished Creatures
  3 gnolls (D:2)
  An adder (D:2)
  An ooze (D:1)
  4 leopard geckos
  4 giant cockroaches
  3 goblins
  A hobgoblin (D:2)
  5 jackals
  2 quokkas
  8 bats
  4 frilled lizards (D:1)
  8 kobolds
  6 rats
50 creatures vanquished.

Notes
Turn   | Place    | Note
-------+----------+-------------------------------------------
     0 | D:1      | HypnoRock the Minotaur Fighter began the quest for the Orb.
     0 | D:1      | Reached XP level 1. HP: 19/19 MP: 0/0
     2 | D:1      | Noticed a demigod
     4 | D:1      | Noticed a centaur
     6 | D:1      | Noticed a vine stalker
     6 | D:1      | Noticed a spriggan
     8 | D:1      | Noticed an ogre
     8 | D:1      | Noticed a felid
    10 | D:1      | Noticed a dwarf
    10 | D:1      | Noticed a gargoyle
    12 | D:1      | Noticed a draconian
    12 | D:1      | Noticed a human
    14 | D:1      | Noticed a minotaur
    16 | D:1      | Noticed a troll
    18 | D:1      | Noticed an octopode
    18 | D:1      | Noticed a formicid
    20 | D:1      | Noticed a demonspawn
    20 | D:1      | Noticed a halfling
    22 | D:1      | Noticed a merfolk
    22 | D:1      | Noticed an elf
    24 | D:1      | Noticed a naga
    24 | D:1      | Noticed a vampire
    26 | D:1      | Noticed a ghoul
    26 | D:1      | Noticed a tengu
    78 | D:1      | Reached XP level 2. HP: 22/27 MP: 1/1
   824 | D:2      | Reached XP level 3. HP: 33/33 MP: 2/2
  1050 | D:2      | Reached XP level 4. HP: 39/40 MP: 3/3
  1477 | D:3      | Noticed an ice beast
  1499 | D:3      | Mangled by an ice beast

Skill      XL: |  1  2  3 |
---------------+----------+-----
Axes           | 3 4 |  4.9
Fighting       | 4 |  4.0
Armour         | 4 |  4.0
Shields        | 4 |  4.0

Action                   |  1- 3 |  4- 6 || total
-------------------------+-------+-------++-------
Melee: War axe           |    77 |    58 ||   135
       Headbutt          |    10 |     7 ||    17
Throw: Stone             |       |     1 ||     1
  Eat: Chunk             |       |     2 ||     2
Armor: Scale mail        |    31 |    19 ||    50
Dodge: Dodged            |    25 |    17 ||    42
Block: Shield            |    34 |    44 ||    78
